Map: Data-C

Players

LiquidElazer (Elazer) - Winner!

  • Race: Zerg Zerg
  • Spawn Location: 3:00

trigger

  • Race: Protoss Protoss
  • League: Grandmaster
  • Spawn Location: 9:00

Event: HomeStory Cup XXII

VOD

Have the link to the VOD?

Description

Time

  • Played on: Dec. 16, 2022, 2:21 p.m.
  • Length: 21:01

All games in this series

Show
View Real Time Build Order
Export as new Build Order

LiquidElazer Zerg - Winner!

Build Orders: Hatch First 

Get SALT Encoding   

  12  0:00  Drone  
  13  0:11  Overlord  
  13  0:16  Drone  
  14  0:30  Drone x2  
  16  0:48  Hatchery  
  15  0:51  Drone  
  15  0:55  Drone  
  17  0:58  Drone  
  18  1:09  Extractor  
  17  1:13  Spawning Pool  
  17  1:16  Drone  
  17  1:20  Drone  
  18  1:28  Drone  
  19  1:38  Drone  
  20  1:50  Drone  
  21  1:59  Queen x2  
  21  2:00  Zergling x2, Overlord  
  26  2:11  Drone  
  26  2:12  Drone  
  26  2:13  Metabolic Boost  
  28  2:21  Drone x2  
  30  2:33  Hatchery  
  29  2:39  Queen  
  29  2:42  Drone  
  32  2:46  Overlord  
  32  2:49  Drone  
  32  2:50  Drone  
  34  2:54  Drone  
  34  2:57  Drone  
  36  3:06  Queen  
  36  3:07  Drone  
  36  3:08  Overlord  
  39  3:14  Zergling x4  
  39  3:16  Drone  
  39  3:19  Queen  
  44  3:28  Spore Crawler, Drone x4  
  44  3:41  Drone x4  
  44  3:45  Drone  
  44  3:47  Queen  
  50  3:49  Drone  
  50  3:54  Drone x2  
  53  3:55  Drone  
  53  3:58  Drone  
  53  4:00  Drone  
  54  4:08  Drone x3  
  56  4:20  Drone x3  
  58  4:24  Overlord  
  58  4:26  Roach Warren  
  58  4:30  Drone  
  58  4:34  Overlord  
  58  4:42  Zergling x8, Queen x2  
  58  4:45  Overlord  
  66  4:52  Drone x8  
  74  4:58  Lair  
  71  5:08  Drone x11  
  82  5:15  Extractor  
  82  5:16  Extractor  
  78  5:23  Drone x3  
  78  5:25  Overlord  
  78  5:28  Evolution Chamber  
  80  5:29  Zergling x4, Extractor  
  80  5:31  Zergling x2, Hatchery  
  81  5:36  Overlord  
  81  5:41  Overlord x2  
  81  5:46  Drone x2  
  81  5:48  Zergling x8  
  87  5:53  Zergling x4  
  87  5:56  Hatchery  
  88  5:58  Zerg Melee Weapons Level 1  
  88  6:02  Drone  
  89  6:05  Zergling x8  
  89  6:06  Hatchery  
  89  6:07  Glial Reconstitution  
  89  6:09  Zergling x4  
  94  6:14  Zergling x8  
  94  6:16  Overlord  
  94  6:18  Zergling x4  
  100  6:25  Zergling x2  
  100  6:26  Zergling x8  
  100  6:32  Zergling x2  
  106  6:38  Drone  
  106  6:39  Drone x4  
  105  6:41  Drone x3  
  105  6:44  Drone  
  108  6:48  Drone  
  108  6:49  Drone x4  
  107  6:56  Drone  
  108  7:01  Baneling Nest  
  108  7:03  Zergling x4  
  108  7:08  Zergling x4  
  104  7:11  Zergling x14  
  108  7:22  Zergling x14  
  113  7:25  Zergling x2  
  111  7:30  Zergling x2  
  111  7:31  Zergling x6  
  116  7:37  Roach x3  
  116  7:39  Roach  
  116  7:40  Roach x5  
  116  7:44  Roach x2  
  132  7:51  Overlord x2  
  132  7:52  Zerg Melee Weapons Level 2, Overlord  
  132  7:54  Centrifugal Hooks  
  131  8:00  Drone x2  
  131  8:03  Overlord x2  
  133  8:06  Pneumatized Carapace  
  133  8:08  Overlord  
  133  8:11  Zergling x8  
  137  8:13  Roach x10  
  157  8:26  Spore Crawler, Drone  
  157  8:27  Drone x3  
  157  8:28  Drone x2  
  157  8:29  Drone x3  
  157  8:32  Zergling x6  
  168  8:36  Overseer, Overlord  
  168  8:38  Drone  
  168  8:39  Drone x3, Extractor  
  171  8:42  Drone x2  
  171  8:43  Zergling x4  
  171  8:44  Zergling x12  
  171  8:46  Overlord x2  
  181  8:49  Hatchery  
  181  8:52  Baneling  
  181  8:53  Baneling x3  
  181  8:54  Baneling x4  
  180  8:57  Zergling x14  
  187  9:04  Drone x3  
  187  9:05  Spine Crawler x3  
  187  9:18  Baneling x4  
  187  9:19  Baneling x30  
  187  9:20  Zergling x24  
  187  9:23  Spore Crawler  
  198  9:35  Zergling x4  
  199  9:47  Hatchery  
  199  9:50  Baneling x21  
  189  10:09  Zergling x28  
  197  10:19  Zergling x8  
  198  10:22  Baneling  
  198  10:23  Baneling x17  
  196  10:32  Zergling x8  
  196  10:33  Zergling x2  
  190  10:41  Roach x9  
  177  10:46  Roach  
  177  10:47  Roach x2  
  177  10:48  Zergling x22  
  161  10:53  Zergling x6  
  152  10:58  Spine Crawler x2  
  152  10:59  Spine Crawler  
  152  11:00  Zergling x16, Spine Crawler  
  152  11:01  Zergling x8, Extractor  
  152  11:03  Baneling  
  152  11:04  Baneling x8  
  158  11:05  Zergling x2  
  158  11:06  Zergling x2  
  158  11:10  Overlord  
  160  11:13  Roach x4  
  161  11:18  Hatchery  
  161  11:24  Roach x6  
  161  11:25  Roach  
  159  11:28  Roach x2  
  159  11:30  Zergling x24  
  162  11:32  Queen  
  162  11:33  Queen x2  
  156  11:42  Roach x6  
  156  11:44  Roach  
  156  11:45  Queen x2  
  170  11:48  Ravager  
  170  11:49  Ravager  
  170  11:50  Zergling x8  
  174  11:57  Overlord x2  
  174  11:58  Overlord  
  174  12:01  Baneling, Zerg Missile Weapons Level 1  
  174  12:02  Baneling x3, Hatchery  
  174  12:07  Extractor x2  
  171  12:12  Overlord x2  
  171  12:14  Zergling x6  
  171  12:15  Baneling x9  
  172  12:24  Zergling x32  
  186  12:31  Baneling x9  
  186  12:35  Zergling x12  
  192  12:47  Zergling x16, Spine Crawler  
  192  12:48  Spine Crawler x2  
  195  12:53  Spire  
  157  13:09  Roach x10  
  165  13:13  Roach x9  
  177  13:23  Drone  
  177  13:25  Zergling x18  
  187  13:32  Zergling x8  
  191  13:37  Zergling x2  
  191  13:38  Zergling x2  
  193  13:41  Baneling x12  
  183  14:10  Corruptor x8  
  199  14:20  Unknown  
  197  14:29  Corruptor  
  197  14:33  Zerg Flyer Weapons Level 1, Zerg Ground Armor Level 1  
  197  14:35  Corruptor x2  
  196  14:49  Corruptor  
  196  14:50  Corruptor x2  
  189  14:54  Corruptor  
  189  14:58  Corruptor  
  169  15:02  Zergling x66  
  198  15:08  Zergling x2  
  198  15:11  Baneling x2  
  191  15:28  Roach x19  
  169  15:39  Corruptor x3  
  143  15:51  Corruptor x3  
  143  15:53  Zergling x14  
  154  15:59  Drone x3  
  157  16:05  Corruptor x2  
  159  16:26  Drone x7  
  159  16:28  Corruptor x5  
  176  16:39  Ravager  
  177  16:43  Zergling x28  
  190  16:59  Corruptor x4  
  174  17:18  Corruptor x5  
  174  17:19  Corruptor x2  
  158  17:25  Roach x4  
  158  17:29  Roach x3  
  166  17:36  Roach x5  
  176  17:46  Roach x7  
  190  17:54  Zergling x8  
  190  17:55  Zergling x8  
  198  18:05  Zergling x2  
  181  18:29  Roach x10  
  181  18:31  Zergling x2  
  181  18:32  Zergling x4  
  191  18:38  Hatchery  
  191  18:41  Zergling x14  
  194  18:46  Hatchery  
  193  18:50  Zergling x2  
  193  18:55  Drone x3  
  196  19:08  Zergling x6  
  198  19:15  Zergling x10  
  199  19:23  Zergling x6  
  194  19:28  Zergling x10  
  189  19:38  Roach x4  
  189  19:42  Baneling x6  
  188  19:46  Roach x5  
  184  19:58  Zergling x14  
  187  20:04  Infestation Pit  
  187  20:05  Zergling x4  
  185  20:09  Zergling x2  
  185  20:10  Zergling x8  
  185  20:18  Zergling x12  
  183  20:31  Roach x8  
  192  20:37  Roach  
  192  20:38  Roach  
Show
View Real Time Build Order
Export as new Build Order

trigger Protoss 

Build Orders: 1 Gate Expand, Oracle Opening, Archon Immortal, Carriers 

Get SALT Encoding   

  12  0:00  Probe  
  13  0:12  Probe  
  14  0:19  Pylon  
  14  0:24  Probe  
  15  0:37  Probe (Chrono Boost)  
  15  0:40  Gateway  
  16  0:46  Probe (Chrono Boost)  
  16  0:47  Assimilator  
  17  0:51  Probe  
  18  1:03  Probe  
  19  1:15  Probe  
  20  1:22  Nexus  
  20  1:32  Cybernetics Core  
  20  1:34  Probe  
  20  1:39  Assimilator  
  21  1:46  Probe  
  22  1:49  Pylon  
  22  1:58  Probe  
  23  2:06  Adept (Chrono Boost)  
  23  2:10  Probe (Chrono Boost)  
  26  2:18  Stargate  
  26  2:22  Probe (Chrono Boost)  
  27  2:27  Probe (Chrono Boost)  
  27  2:28  Adept  
  30  2:32  Warp Gate  
  30  2:34  Probe (Chrono Boost)  
  32  2:43  Probe (Chrono Boost)  
  33  2:44  Probe (Chrono Boost)  
  33  2:49  Probe x2 (Chrono Boost)  
  35  3:01  Probe x2  
  35  3:02  Oracle (Chrono Boost)  
  35  3:04  Pylon  
  40  3:13  Probe x2  
  42  3:23  Nexus  
  42  3:25  Probe  
  42  3:26  Probe  
  44  3:32  Oracle (Chrono Boost)  
  47  3:38  Probe  
  48  3:44  Probe  
  48  3:47  Assimilator  
  47  3:49  Pylon  
  47  3:50  Probe  
  47  3:51  Assimilator  
  48  3:57  Probe  
  48  4:00  Gateway  
  48  4:02  Probe  
  50  4:05  Oracle  
  50  4:09  Probe  
  54  4:14  Probe, Pylon  
  55  4:22  Probe (Chrono Boost)  
  56  4:26  Probe (Chrono Boost)  
  56  4:28  Twilight Council  
  56  4:30  Robotics Facility  
  57  4:32  Adept, Forge  
  57  4:37  Probe (Chrono Boost)  
  62  4:39  Probe (Chrono Boost)  
  62  4:40  Probe (Chrono Boost)  
  62  4:42  Shield Battery  
  64  4:46  Probe (Chrono Boost), Pylon  
  64  4:47  Probe (Chrono Boost)  
  64  4:49  Probe (Chrono Boost)  
  66  4:52  Probe (Chrono Boost)  
  66  4:54  Adept  
  66  4:57  Probe (Chrono Boost)  
  66  4:59  Sentry  
  72  5:03  Probe (Chrono Boost)  
  72  5:04  Probe (Chrono Boost)  
  73  5:09  Probe (Chrono Boost)  
  73  5:10  Probe (Chrono Boost)  
  73  5:11  Gateway  
  73  5:12  Probe, Gateway  
  76  5:20  Probe  
  77  5:21  Probe  
  77  5:24  Probe  
  77  5:26  Assimilator  
  77  5:27  Protoss Ground Weapons Level 1, Charge  
  80  5:28  Observer  
  80  5:30  Templar Archives, Assimilator  
  80  5:32  Probe  
  80  5:33  Probe  
  82  5:36  Probe, Gateway  
  82  5:39  Gateway  
  82  5:42  Pylon  
  83  5:44  Probe  
  83  5:45  Probe  
  83  5:48  Probe  
  86  5:57  Probe  
  86  5:58  Immortal  
  86  6:03  Gateway x2  
  91  6:09  Nexus, Psionic Storm  
  91  6:11  High Templar x3  
  97  6:23  Zealot, Pylon  
  99  6:28  Pylon  
  98  6:33  Zealot  
  98  6:38  Immortal (Chrono Boost)  
  100  6:44  Zealot x2  
  108  6:47  Photon Cannon  
  108  6:49  Archon  
  108  6:51  Zealot x2  
  108  6:53  High Templar  
  106  6:58  Pylon  
  106  7:00  Nexus  
  106  7:02  Photon Cannon  
  106  7:03  Shield Battery  
  106  7:07  High Templar x2  
  104  7:13  High Templar x2  
  104  7:15  Probe x2  
  106  7:18  Assimilator  
  106  7:20  Assimilator  
  105  7:24  Archon  
  105  7:27  Zealot  
  103  7:31  Probe  
  103  7:33  Immortal (Chrono Boost)  
  103  7:35  Probe  
  103  7:36  Protoss Ground Weapons Level 2 (Chrono Boost)  
  109  7:38  Probe  
  109  7:40  Gateway  
  109  7:41  Zealot x2  
  109  7:44  Probe  
  113  7:45  Gateway, Photon Cannon  
  113  7:46  Zealot  
  113  7:47  Zealot  
  113  7:48  Gateway  
  113  7:49  Gateway, Pylon  
  117  7:53  Probe x2  
  117  7:54  Phoenix (Chrono Boost)  
  117  7:55  Photon Cannon  
  115  8:00  Blink  
  115  8:01  High Templar x2  
  115  8:05  Probe  
  120  8:06  Immortal (Chrono Boost), Probe  
  120  8:10  Probe  
  127  8:12  Probe  
  127  8:17  Zealot x2  
  131  8:23  Probe  
  131  8:26  Photon Cannon  
  133  8:27  Probe  
  133  8:29  Photon Cannon  
  133  8:32  High Templar  
  133  8:33  High Templar, Pylon  
  137  8:37  Warp Prism  
  137  8:41  Probe x2  
  141  8:43  Probe  
  142  8:54  High Templar x2, Pylon  
  146  8:55  Pylon  
  146  8:58  Archon, Pylon  
  146  9:00  Pylon  
  146  9:07  Protoss Air Weapons Level 1, Pylon  
  146  9:12  High Templar  
  146  9:13  High Templar x2  
  152  9:17  Immortal (Chrono Boost)  
  152  9:18  Archon  
  156  9:29  Zealot  
  156  9:30  Zealot x7  
  172  9:34  Fleet Beacon  
  172  9:35  Probe x2, Stargate  
  166  9:39  Probe  
  151  9:48  Stalker x3  
  158  9:53  Probe (Chrono Boost)  
  158  9:58  Probe x2 (Chrono Boost)  
  144  10:03  Probe (Chrono Boost)  
  144  10:06  Zealot x5  
  157  10:07  Probe x2 (Chrono Boost)  
  157  10:09  Probe (Chrono Boost)  
  157  10:11  Zealot x3, Probe (Chrono Boost)  
  159  10:15  Probe (Chrono Boost)  
  159  10:17  Probe (Chrono Boost)  
  159  10:19  Probe (Chrono Boost)  
  151  10:22  Probe (Chrono Boost)  
  151  10:27  Probe (Chrono Boost)  
  153  10:32  Probe (Chrono Boost)  
  153  10:33  Probe (Chrono Boost)  
  153  10:35  Zealot x2  
  151  10:42  Archon  
  141  10:47  Zealot x6  
  125  10:53  Stalker  
  123  11:05  High Templar x2  
  123  11:07  High Templar x6  
  123  11:10  Archon  
  139  11:11  Archon x2  
  139  11:12  Archon  
  139  11:14  Immortal  
  135  11:24  Zealot  
  120  11:30  Carrier (Chrono Boost)  
  112  11:38  Zealot x2  
  105  11:40  Zealot x6  
  115  11:56  Probe (Chrono Boost)  
  115  11:58  Probe (Chrono Boost)  
  115  11:59  Carrier (Chrono Boost)  
  123  12:05  Zealot x5  
  133  12:08  High Templar  
  133  12:10  Probe (Chrono Boost)  
  133  12:11  Probe (Chrono Boost)  
  133  12:13  High Templar  
  139  12:22  Stargate  
  139  12:23  Carrier (Chrono Boost)  
  139  12:27  Photon Cannon  
  139  12:28  Zealot x3  
  139  12:29  Zealot x2  
  145  12:30  High Templar  
  147  12:44  Carrier (Chrono Boost)  
  153  12:53  Zealot x6  
  153  12:54  Zealot  
  146  13:10  Protoss Air Weapons Level 2 (Chrono Boost)  
  146  13:11  Zealot x2  
  144  13:22  Shield Battery  
  148  13:27  Carrier (Chrono Boost)  
  148  13:31  Carrier (Chrono Boost)  
  154  13:35  High Templar  
  154  13:39  Pylon  
  152  13:49  Carrier (Chrono Boost)  
  150  14:02  Nexus, Stalker x4  
  155  14:19  Pylon  
  155  14:21  Pylon  
  155  14:32  Pylon  
  155  14:37  Carrier  
  155  14:38  Zealot  
  163  14:42  Carrier, Pylon  
  163  14:43  Zealot, Pylon  
  165  15:06  High Templar x3  
  165  15:07  Zealot x4, High Templar  
  143  15:29  Archon  
  143  15:30  Archon  
  119  15:36  Zealot x4  
  111  15:43  Zealot x4  
  113  15:52  Nexus  
  113  15:56  High Templar x3  
  115  16:04  Zealot  
  115  16:07  Zealot  
  115  16:13  High Templar x3  
  121  16:24  Archon  
  113  16:25  High Templar  
  113  16:29  High Templar  
  111  16:33  Immortal (Chrono Boost)  
  111  16:35  Archon  
  113  16:41  Zealot x2  
  113  16:42  Photon Cannon  
  113  16:43  High Templar  
  113  16:45  High Templar  
  121  17:01  Carrier  
  121  17:12  Archon  
  121  17:15  Zealot x5  
  111  17:17  Zealot  
  111  17:26  Zealot x2  
  113  17:35  Shield Battery  
  113  17:36  High Templar x4  
  121  17:40  Zealot  
  123  17:48  Zealot x2  
  123  18:03  Zealot  
  121  18:12  Zealot x5  
  123  18:25  Archon  
  109  18:27  Stalker x2  
  109  18:33  Stalker  
  93  18:34  Stalker  
  93  18:40  High Templar x2  
  91  18:48  High Templar  
  91  18:53  High Templar x2  
  95  19:01  High Templar x2  
  99  19:15  Zealot x2  
  99  19:21  Stalker  
  95  19:36  Stalker x5  
  93  19:46  Archon  
  93  19:47  Archon  
  93  19:48  Archon  
  93  19:49  Stalker  
  91  19:58  High Templar  
  91  19:59  High Templar  
  86  20:10  Zealot x3  
  78  20:18  Zealot  
  49  20:35  Zealot x2  
  49  20:42  Archon  
Tags
 
Add a new tag
Caveats
  • Supply blocks, unpowered buildings, or Contaminate may cause inaccurate times.
  • Supply counts are checked every 10 seconds.